 Dungeon Crawl Stone Soup version 0.15-a0-1619-g29500c9 (webtiles) character file.

123 Quh the Magician (level 4, -2/24 HPs)
             Began as a Deep Elf Wizard on June 20, 2014.
             Slain by a wight
             ... wielding a +2 spear
              (3 damage)
             ... on Level 3 of the Dungeon.
             The game lasted 00:08:22 (1974 turns).

Quh the Magician (Deep Elf Wizard)                  Turns: 1974, Time: 00:08:22

HP  -2/24        AC  2     Str  4      XL: 4   Next: 79%
MP  10/15        EV 12     Int 24      God:
Gold 13          SH  0     Dex 13      Spells:  5 memorised,  2 levels left

rFire  x . .     SeeInvis .     s - +2 war axe (chop)
rCold  + . .     Clarity  .     a - +0 robe
rNeg   + . .     rCorr    .     (no shield)
rPois  .         rRot     .     b - +0 hat
rElec  .         Spirit   .     (no cloak)
SustAb .         Warding  +     (no gloves)
rMut   .         Stasis   .     (no boots)
Gourm  .                        t - amulet of warding
MR     .....                    (no ring)
                                g - ring of ice

@: not resistant to hostile enchantments, unstealthy
A: no striking features
a: no special abilities


You were on level 3 of the Dungeon.
You were very hungry.

You visited 1 branch of the dungeon, and saw 3 of its levels.

You collected 13 gold pieces.

Inventory:

Hand weapons
 k - a -2 dagger
 l - a +0 spear
 m - a +0 dagger
 s - a +2 war axe of chopping (weapon)
Missiles
 e - 43 stones (quivered)
 u - 19 arrows
Armour
 a - a +0 robe (worn)
 b - a +0 hat (worn)
Comestibles
 d - 3 bread rations
 i - 2 beef jerkies
 j - 4 fruits
 r - a slice of pizza
Scrolls
 n - a scroll of remove curse
 p - a scroll of amnesia
 v - a scroll of immolation {unknown}
Jewellery
 g - a ring of ice (left hand)
 t - an amulet of warding (around neck)
Potions
 f - a potion of cure mutation {unknown}
 h - 3 potions of curing
 o - a potion of poison {unknown}
 q - 2 potions of agility {unknown}
Books
 c - a book of Minor Magic

   Spells                             Type                      Level
   *Magic Dart                        Conjuration                  1
   *Blink                             Translocation                2
   *Call Imp                          Summoning                    2
   *Repel Missiles                    Charms/Air                   2
   Slow                               Hexes                        2
   Conjure Flame                      Conjuration/Fire             3
   *Mephitic Cloud                    Conjuration/Poison/Air       3


   Skills:
 - Level 2.4 Dodging
 - Level 2.4 Stealth
 + Level 4.5 Spellcasting
 * Level 3.5 Conjurations
 - Level 1.1 Summonings
 - Level 1.1 Translocations
 * Level 2.8 Air Magic
 * Level 1.0 Poison Magic


You had 2 spell levels left.
You knew the following spells:

 Your Spells              Type           Power        Failure   Level  Hunger
a - Magic Dart            Conj           ###.         1%          1    None
b - Blink                 Tloc           N/A          12%         2    None
c - Call Imp              Summ           ##......     12%         2    None
d - Repel Missiles        Chrm/Air       ##....       10%         2    None
e - Mephitic Cloud        Conj/Pois/Air  ###.....     12%         3    ##.....


Dungeon Overview and Level Annotations

Branches:
Dungeon (3/15)

Altars:
Dithmenos
Zin


Message History

Confirm with . or Enter, or press ? or * to list all spells.
A shadowy apparition takes form in the air.
The wight moves out of view.
The wight hits you from afar with a spear.
Casting: Call Imp
Confirm with . or Enter, or press ? or * to list all spells.
A beastly little devil appears in a puff of flame.
The wight hits you from afar with a spear!
Your shadow imp hits the wight but does no damage.
Your shadow imp hits the wight but does no damage.
You swap places.
Your crimson imp blinks!
The wight hits you from afar with a spear!
* * * LOW HITPOINT WARNING * * *
Your shadow imp hits the wight.
There is a stone staircase leading up here.
You can't go down here!
Unknown command.
The wight hits you from afar with a spear.
You die...

. ...
...#######
............##
.. ##...##
#.####@###.#
#.55z§.# #.#
#..###.###.#
#.. ##..)##
#.. ##### #..
.#. ##.. #.


You could see a wight, a friendly crimson imp and a friendly shadow imp.

Vanquished Creatures
  A wight (D:3)
  Ijyb (D:2)
  2 adders (D:2)
  A gnoll (D:1)
  2 worms (D:2)
  A giant gecko (D:1)
  An ooze (D:1)
  3 giant cockroaches
  3 hobgoblins (D:1)
  6 kobolds
  A quokka (D:3)
  4 bats
  5 giant newts
  4 goblins (D:2)
  5 rats
40 creatures vanquished.

Vanquished Creatures (collateral kills)
  An adder (D:2)
1 creature vanquished.

Vanquished Creatures (others)
  2 white imps (D:3)
  A shadow imp (D:2)
3 creatures vanquished.

Grand Total: 44 creatures vanquished

Notes
Turn   | Place    | Note
--------------------------------------------------------------
     0 | D:1      | Quh, the Deep Elf Wizard, began the quest for the Orb.
     0 | D:1      | Reached XP level 1. HP: 10/10 MP: 6/6
   267 | D:1      | Reached XP level 2. HP: 15/15 MP: 6/9
   272 | D:1      | Learned a level 2 spell: Blink
   275 | D:1      | Learned a level 2 spell: Call Imp
   278 | D:1      | Learned a level 2 spell: Repel Missiles
   671 | D:1      | Reached skill level 1 in Air Magic
   841 | D:1      | Reached XP level 3. HP: 19/19 MP: 8/12
  1351 | D:2      | Found a shadowy altar of Dithmenos.
  1473 | D:2      | Noticed an angel
  1474 | D:2      | Found a glowing silver altar of Zin.
  1492 | D:2      | Noticed Ijyb
  1513 | D:2      | Killed Ijyb
  1513 | D:2      | Reached XP level 4. HP: 21/24 MP: 3/15
  1660 | D:2      | Learned a level 3 spell: Mephitic Cloud
  1849 | D:3      | Reached skill level 1 in Poison Magic
  1973 | D:3      | HP: 1/24 [wight/spear (8)]
  1974 | D:3      | Slain by a wight

Action                   |  1- 3 |  4- 6 || total
-------------------------+-------+-------++-------
Melee: War axe           |     5 |     3 ||     8
       Dagger            |     3 |       ||     3
Throw: Stone             |     6 |       ||     6
 Cast: Magic Dart        |    81 |    22 ||   103
       Call Imp          |     6 |     5 ||    11
       Blink             |       |     1 ||     1
  Use: Scroll            |     3 |     1 ||     4
